 Dungeon Crawl Stone Soup version 0.31.0-9-g3a7656b989 (webtiles) character file.

Game seed: 12287631420008269836

2 freelancePsychic the Ducker (level 1, -1/14 HPs)
             Began as a Merfolk Air Elementalist on Jan 25, 2024.
             Frozen to death by an endoplasm (2 damage)
             ... on level 1 of the Dungeon.
             The game lasted 00:01:12 (143 turns).

freelancePsychic the Ducker (MfAE)                   Turns: 143, Time: 00:01:13

Health: -1/14      AC:  2    Str:  8    XL:     1   Next: 40%
Magic:  3/3        EV: 12    Int: 14    God:
Gold:   33         SH:  0    Dex: 14    Spells: 3/4 levels left

rFire   . . .        (no weapon)
rCold   + . .        (no shield)
rNeg    . . .        a - +0 robe
rPois   .            (no helmet)
rElec   .            (no cloak)
rCorr   .            (no gloves)
SInv    .            (no boots)
Will    .....        (no amulet)
Stlth   ++           d - ring of protection from cold
HPRegen 0.22/turn    (no ring)
MPRegen 0.08/turn

%: no passive effects
@: no status effects
A: (nimble swimmer 2), mertail
a: no special abilities


You were on level 1 of the Dungeon.
You visited 1 branch of the dungeon, and saw 1 of its levels.

You collected 33 gold pieces.

Inventory:

Armour
 a - a +0 robe (worn)
Jewellery
 d - a ring of protection from cold (left hand)
Scrolls
 c - a scroll of noise {unknown}
Potions
 b - a potion of magic


   Skills:
 + Level 0.9 Fighting
 - Level 2.6 Dodging
 - Level 2.1 Stealth
 + Level 0.0 Unarmed Combat
 - Level 2.0 Spellcasting
 - Level 0.7 Conjurations
 - Level 2.4 Air Magic


You had 3 spell levels left.
You knew the following spells:

 Your Spells              Type           Power      Damage    Failure   Level
a - Shock                 Conj/Air       20%        1d4       13%         1

Your spell library contained the following spells:

 Spells                   Type           Power      Damage    Failure   Level
 Static Discharge         Conj/Air       10%        3-4/arc   19%         2
 Swiftness                Air            8%         N/A       26%         3
 Airstrike                Air            4%         2d(1-17)  65%         4


Dungeon Overview and Level Annotations

Branches:
Dungeon (1/15)

Altars:


Innate Abilities, Weirdness & Mutations

((You are very nimble when in or above water. (Stealth+, EV+, Speed+++)))
Your lower body shifts to a powerful aquatic tail in water.


Message History

A hobgoblin comes into view.
A hobgoblin is nearby!
A hobgoblin is nearby!
An endoplasm comes into view.
Found a lumpy coppery potion.
There is an open door here.
The helpless hobgoblin fails to defend itself.
You hit the hobgoblin.
The hobgoblin is moderately wounded.
The hobgoblin barely misses you.
You hit the hobgoblin but do no damage.
The hobgoblin is moderately wounded.
The hobgoblin hits you.
You hit the hobgoblin but do no damage.
The hobgoblin is moderately wounded.
The hobgoblin misses you.
You hit the hobgoblin but do no damage. The hobgoblin barely misses you.
You barely miss the hobgoblin. The hobgoblin hits you.
You are too injured to fight recklessly!
You are too injured to fight recklessly!
You are too injured to fight recklessly!
You are too injured to fight recklessly!
You are too injured to fight recklessly!
You are too injured to fight recklessly!
You are too injured to fight recklessly!
You are too injured to fight recklessly!
You are too injured to fight recklessly!
You are too injured to fight recklessly!
You are too injured to fight recklessly!
You are too injured to fight recklessly!
You are too injured to fight recklessly!
You are too injured to fight recklessly!
You closely miss the hobgoblin. The hobgoblin barely misses you.
You barely miss the hobgoblin. The hobgoblin closely misses you.
The hobgoblin attacks as it pursues you!
The hobgoblin hits you.
* * * LOW HITPOINT WARNING * * *
The endoplasm freezes you.
You are frozen.
You resist.
You die...

....... ..........
......... ###########
......... ..........###
.........
.)...####...#####........
......#≈~##.....#........
......#~≈######.@J.....!.
........~# ###g.......
........## #........
.~~~...### #.#######
~...~....# #.. ~.<.~...##
### ~...~....# .~~~....##
........##


You could see an endoplasm and a hobgoblin.

Vanquished Creatures
  2 endoplasms (D:1)
2 creatures vanquished.

Notes
Turn   | Place    | Note
-------+----------+-------------------------------------------
     0 | D:1      | freelancePsychic the Merfolk Air Elementalist began the
                  | quest for the Orb.
     0 | D:1      | Reached XP level 1. HP: 13/13 MP: 3/3
   143 | D:1      | Frozen to death by an endoplasm

Illustrated notes

Levels and vault maps discovered:
D:1:      enne_arrival_octagon_isle, layout_basic, minmay_circled_x

Action                     || total
---------------------------++-------
  Melee: Unarmed           ||    21
         Tailslap          ||     1
   Stab: Sleeping          ||     2
 Armour: Robe              ||     8
  Dodge: Dodged            ||     8
